 Dungeon Crawl Stone Soup version 0.31.0-12-g77e489cdc1 (webtiles) character file.

Game seed: 11450397895694494502

336 Buffagor the Changeling (level 6, -1/43 HPs)
             Began as a Merfolk Shapeshifter on Mar 8, 2024.
             Slain by an orc warrior
             ... wielding a +1 trident of protection
              (10 damage)
             ... on level 7 of the Dungeon.
             The game lasted 00:05:15 (2515 turns).

Buffagor the Changeling (Merfolk Shapeshifter)      Turns: 2515, Time: 00:05:16

Health: -1/43      AC:  2    Str: 14    XL:     6   Next: 54%
Magic:  6/6        EV: 13    Int:  9    God:
Gold:   159        SH:  0    Dex: 16    Spells: 5/5 levels left

rFire   . . .        a - +0 demon whip (elec)
rCold   . . .        (no shield)
rNeg    . . .        i - +0 animal skin
rPois   .            (helmet currently unavailable)
rElec   .            (cloak currently unavailable)
rCorr   .            (gloves currently unavailable)
SInv    .            (boots currently unavailable)
Will    .....        (no amulet)
Stlth   +            (no ring)
HPRegen 0.27/turn    (no ring)
MPRegen 0.10/turn

%: no passive effects
@: beast-form
A: beast (slay +4), (nimble swimmer 2), mertail
a: Begin Untransformation


You were on level 7 of the Dungeon.
You were a hulking beast.
You visited 1 branch of the dungeon, and saw 5 of its levels.

You collected 159 gold pieces.

Inventory:

Hand Weapons
 a - a +0 demon whip of electrocution (weapon)
 b - a +0 sling
Missiles
 j - 17 stones
 k - 2 poisoned darts
 m - 3 darts of dispersal
Armour
 i - a +0 animal skin (worn)
Talismans
 c - a beast talisman
 d - a flux talisman
Scrolls
 f - a scroll of poison {unknown}
 g - 3 scrolls of identify {unknown}
 l - a scroll of butterflies {unknown}
Potions
 e - 2 potions of heal wounds {unknown}
 h - a potion of lignification


   Skills:
 - Level 1.1 Fighting
 - Level 2.6 Dodging
 + Level 5.8 Unarmed Combat
 - Level 7.0 Shapeshifting


You had 5 spell levels left.
You didn't know any spells.
Your spell library was empty.

Dungeon Overview and Level Annotations

Branches:
Dungeon (4/15)
 Temple: D:4-7

Altars:
Ashenzari
Sif Muna
Vehumet
Yredelemnul

Shops:
D:1 (   D:2 ?

Annotations:
D:3 exclusion: statue


Innate Abilities, Weirdness & Mutations

You are a hulking beast.
Your limbs bulge with bestial killing power. (Slay +4)
((You are very nimble when in or above water. (Stealth+, EV+, Speed+++)))
Your lower body shifts to a powerful aquatic tail in water.


Message History

a - a +0 demon whip of electrocution (weapon)
The orc barely misses you.
The orc priest looks braver for a moment.
The orc shouts!
You whack the orc! Lightning courses through the orc!
You kill the orc!
You hear a shout!
Your +0 demon whip of electrocution stops crackling.
b - a +0 sling (weapon)
You shoot a sling bullet. The sling bullet hits the orc priest.
The orc priest is heavily wounded.
You hear the crackle of electricity.
a - a +0 demon whip of electrocution (weapon)
Okay, then.
Unknown command.
Unknown command.
You barely miss the orc priest.
The orc priest is moderately wounded.
The orc priest barely misses you.
You whack the orc priest!
The orc priest is almost dead.
The orc priest hits you with a +2 short sword of flaming.
The orc priest burns you.
You hit the orc priest.
You kill the orc priest!
The orc hits you but does no damage.
You whack the orc!
You kill the orc!
The orc warrior attacks as it pursues you!
The orc warrior hits you from afar with a +1 trident of protection!
An orc wizard comes into view. It is wielding a +0 dagger.
The orc warrior attacks as it pursues you!
The orc warrior barely misses you.
The orc warrior attacks as it pursues you!
The orc warrior hits you from afar with a +1 trident of protection!
The orc warrior attacks as it pursues you!
The orc warrior hits you from afar with a +1 trident of protection!
* * * LOW HITPOINT WARNING * * *
The orc warrior hits you with a +1 trident of protection!
You die...

............####
..............#
###..........#
#..........#
#oo......### #........#
#........##
############o........###
#......hoo.o............
#......##..............#
#......#................
#......#..............#.
#......#................
#......#..............#.
#......#..............#
#......#..............#
#......#..........#####


You could see an orc warrior and 3 orcs.

Vanquished Creatures
  A black bear (D:7)
  A scorpion (D:7)
  2 hounds (D:4)
  An orc priest (D:7)
  A hound zombie (D:3)
  3 adders
  A ribbon worm (D:2)
  2 orcs (D:7)
  5 bats
  5 endoplasms
  4 giant cockroaches
  4 goblins
  3 hobgoblins
  4 jackals (D:2)
  A quokka (D:1)
  5 ball pythons
  A ball python zombie (D:3)
  3 frilled lizards
  A giant cockroach zombie (D:3)
  7 kobolds
  5 rats
60 creatures vanquished.

Notes
Turn   | Place    | Note
-------+----------+-------------------------------------------
     0 | D:1      | Buffagor the Merfolk Shapeshifter began the quest for the
                  | Orb.
     0 | D:1      | Reached XP level 1. HP: 15/15 MP: 1/1
    23 | D:1      | Found Wiydod's Antique Weapon Emporium.
   119 | D:1      | Reached XP level 2. HP: 18/21 MP: 2/2
   634 | D:2      | Found Ebairr's Magic Scroll Emporium.
   688 | D:2      | Reached skill level 5 in Shapeshifting
   688 | D:2      | Reached XP level 3. HP: 18/26 MP: 3/3
  1289 | D:2      | Reached XP level 4. HP: 27/32 MP: 4/4
  1572 | D:3      | Found a shimmering blue altar of Sif Muna.
  1584 | D:3      | Found a broken altar of Ashenzari.
  1656 | D:3      | Found a basalt altar of Yredelemnul.
  1969 | D:3      | Found a faded altar of an unknown god.
  1987 | D:3      | Found a radiant altar of Vehumet.
  1987 | D:3      | Noticed a frost-covered statue
  2067 | D:4      | Reached skill level 6 in Shapeshifting
  2067 | D:4      | Reached XP level 5. HP: 18/37 MP: 5/5
  2313 | D:4      | You fall into a shaft and drop 3 floors!
  2341 | D:7      | Noticed a black bear
  2349 | D:7      | Killed a black bear
  2350 | D:7      | Reached skill level 5 in Unarmed Combat
  2350 | D:7      | Reached skill level 7 in Shapeshifting
  2350 | D:7      | Reached XP level 6. HP: 13/43 MP: 6/6
  2490 | D:7      | Noticed an orc warrior
  2515 | D:7      | Slain by an orc warrior

Illustrated notes

Levels and vault maps discovered:
D:1:      ncdulo_lavacross, layout_basic, serial_shops, shop
D:2:      layout_basic, serial_shops, shop
D:3:      layout_rooms, nicolae_yredelemnul_corpse_copse, vehumet_statue,
          mainiacjoe_overflow_tiny_flanked, mainiacjoe_overflow_alcove_4,
          shapermc_ecumenical_altar_venn, bh_walls_and_bars
D:4:      layout_layer_cave, mainiacjoe_overflow_large_starburst, serial_rivers,
          chequers_serial_rivers_micro_e, chequers_serial_rivers_large_b,
          chequers_serial_rivers_micro_c, chequers_serial_rivers_micro_a,
          chequers_serial_rivers_micro_d, chequers_serial_rivers_small_3,
          kennysheep_cluttered_room
D:7:      layout_basic, serial_shops, nicolae_shop_trees

Skill      XL: |  1  2  3  4  5 |
---------------+----------------+-----
Shapeshifting  | 5 6 7 |  7.0
Unarmed Combat | 4 5 |  5.8
Fighting       | |  1.1
Dodging        | |  2.6

Action                     |  1- 3 |  4- 6 || total
---------------------------+-------+-------++-------
  Melee: Unarmed           |    39 |       ||    39
         Punch             |     1 |     2 ||     3
         Demon whip        |    10 |    50 ||    60
   Fire: Sling             |    33 |    28 ||    61
   Stab: Sleeping          |     2 |     1 ||     3
 Armour: Animal skin       |    31 |    34 ||    65
  Dodge: Dodged            |    47 |    39 ||    86
